Workbook
Name EMPRESAS: OFFSET(#REF!,1,0):OFFSET(#REF!,-1,0)
Name EMPRESAS: OFFSET(#REF!,1,0):OFFSET(#REF!,-1,0)
Name EMPRESAS: OFFSET(#REF!,1,0):OFFSET(#REF!,-1,0)
Name Fonte: #REF!
Name Fonte: #REF!
Name Fonte: #REF!
Name INDICES: OFFSET([2]COTAÇÃO!$B$20,1,0):OFFSET([2]COTAÇÃO!$I$24,-1,0)
Name INDICES: OFFSET([2]COTAÇÃO!$B$20,1,0):OFFSET([2]COTAÇÃO!$I$24,-1,0)
Name INDICES: OFFSET(#REF!,1,0):OFFSET(#REF!,-1,0)
Name nao: #REF!
Name nao: #REF!
Name nao: #REF!

Sheet Planilha Orcamentaria
A2: A N E X O I I
A4: PLANILHA ORÇAMENTÁRIA DE CUSTOS
A6: PREFEITURA: | F6: FOLHA Nº:
A7: OBRA: | F7: DATA:
A8: LOCAL: | E8: FORMA DE EXECUÇÃO:
A9: REGIÃO/MÊS DE REFERÊNCIA: | E9: ( ) | F9: DIRETA | G9: ( ) | H9: INDIRETA
A10: PRAZO DE EXECUÇÃO: | G10: LDI
A12: ITEM | B12: CÓDIGO | C12: DESCRIÇÃO | D12: UNIDADE | E12: QUANTIDADE | F12: PREÇO UNITÁRIO S/ LDI | G12: PREÇO UNITÁRIO C/ LDI | H12: PREÇO TOTAL
G14: =F14+(F14*$H$10) -> 0 | H14: =E14*G14 -> 0
G15: =F15+(F15*$H$10) -> 0 | H15: =E15*G15 -> 0 | J15: 0
G16: =F16+(F16*$H$10) -> 0 | H16: =E16*G16 -> 0
G17: =F17+(F17*$H$10) -> 0 | H17: =E17*G17 -> 0
G18: =F18+(F18*$H$10) -> 0 | H18: =E18*G18 -> 0
G19: =F19+(F19*$H$10) -> 0 | H19: =E19*G19 -> 0
G20: =F20+(F20*$H$10) -> 0 | H20: =E20*G20 -> 0
G21: =F21+(F21*$H$10) -> 0 | H21: =E21*G21 -> 0
G22: =F22+(F22*$H$10) -> 0 | H22: =E22*G22 -> 0
G23: =F23+(F23*$H$10) -> 0 | H23: =E23*G23 -> 0
G24: =F24+(F24*$H$10) -> 0 | H24: =E24*G24 -> 0
G25: =F25+(F25*$H$10) -> 0 | H25: =E25*G25 -> 0
G26: =F26+(F26*$H$10) -> 0 | H26: =E26*G26 -> 0
G27: =F27+(F27*$H$10) -> 0 | H27: =E27*G27 -> 0
... G40: =F40+(F40*$H$10) -> 0 | H40: =E40*G40 -> 0
G41: =F41*$H$10 -> 0 | H41: =E41*G41 -> 0
A42: TOTAL GERAL DA OBRA | H42: =SUM(H13:H41) -> 0
B46: Carimbo e assinatura do engenheiro responsável técnico pela elaboração da planilha | E46: CREA
B51: Carimbo e assinatura do prefeito

Sheet Memória de Cálculo
A1: PREFEITURA MUNICIPAL DE MEDINA ESTADO DE MINAS GERAIS
A2: PLANILHA ORÇAMENTÁRIA DE CUSTOS
A4: ='Planilha Orcamentaria '!A4:F4 -> PREFEITURA: Prefeitura Municipal de Medina - MG | G4: ISS: 5,00%
A5: ='Planilha Orcamentaria '!A5:F5 -> OBRA: PAVIMENTAÇÃO EM BLOQUETE SEXTAVADO EM TRECHO DA RUA DO VALE E DA TRAVESSA DO VALE, NO DISTRITO DE TUPARECÊ | G5: DATA: | H5: =TODAY() -> 45447
A6: ='Planilha Orcamentaria '!A6:E6 -> LOCAL: TRECHO DA RUA DO VALE E DA TRAVESSA DO VALE, NO DISTRITO DE TUPARECÊ | F6: FORMA DE EXECUÇÃO:
A7: ='Planilha Orcamentaria '!A7:E7 -> REGIÃO/MÊS DE REFERÊNCIA: SEINFRA/OUTUBRO/2023/DESONERADA | F7: ( ) | G7: DIRETA | H7: ( x ) | I7: INDIRETA
A8: ='Planilha Orcamentaria '!A8:E8 -> PRAZO DE EXECUÇÃO: 3 meses | F8: BDI | H8: =BDI!C19 -> 0.291839
A10: ITEM | B10: FONTE | C10: CÓDIGO | D10: DESCRIÇÃO | E10: UNIDADE | F10: QUANTIDADE | G10: MEMÓRIA DE CÁLCULO
C11: REPASSE
A12: 1 | D12: SERVIÇOS PRELIMINARES
A13: 1.1 | B13: SEINFRA | C13: ED-28427 | D13: FORNECIMENTO E COLOCAÇÃO DE PLACA DE OBRA EM CHAPA GALVANIZADA (3,00 X 1,5 0 M) - EM CHAPA GALVANIZADA 0,26 AFIXADAS COM REBITES 540 E PARAFUSOS 3/8, EM ESTRUTURA METÁLICA VIGA U 2" ENRIJECIDA COM METALON 20 X 20, SUPORTE EM EUCALIPTO AUTOCLAVADO PINTADAS | E13: U | F13: 1 | G13: 1 UNIDADES | J13: =I13 -> 0
A15: 2 | D15: PAVIMENTAÇÃO
A16: 2.1 | B16: SEINFRA | C16: ED-50416 | D16: EXECUÇÃO DE PAVIMENTO INTERTRAVADO EM BLOCO SEXTAVADO, ESPESSURA 8CM, FCK 35MPA, INCLUINDO FORNECIMENTO E TRANSPORTE DE TODOS OS MATERIAIS E COLCHÃO DE ASSENTAMENTO COM ESPESSURA 6CM | E16: M2 | F16: =393.88+19.54 -> 413.42 | G16: RUA DO VALE (393,88+108,97)
A18: 3 | D18: OBRAS COMPLEMENTARES DE PAVIMENTAÇÃO | I18: =SUM(I20:I20) -> 0 | K18: =(G18+(G18*$H$8)) -> 0
A19: 3.1 | B19: SEINFRA | C19: ED-51139 | D19: GUIA DE MEIO-FIO, EM CONCRETO COM FCK 20MPA, PRÉMOLDADA, MFC-01 PADRÃO DER-MG, DIMENSÕES (12X16,7X35)CM , EXCLUSIVE SARJETA, INCLUSIVE ESCAVAÇÃO, APILOAMENTO E TRANSPORTE COM RETIRADA DO MATERIAL ESCAVADO (EM CAÇAMBA) | E19: M | F19: =(147.2+5.4)+(6+7.5) -> 166.1 | G19: COMPRIMENTO DO MEIO-FIO A SER INSTALADO (147,20) + MEIO FIO DE TRAVAMENTO (14,30) | J19: =I19 -> 0
A20: 3.2 | B20: SEINFRA | C20: ED-14762 | D20: SARJETA DE CONCRETO URBANO (SCU), TIPO 1, COM FCK 15 MPA, LARGURA DE 50CM COM INCLINAÇÃO DE 3%, ESP. 7CM, PADRÃO DER-MG, EXCLUSIVE MEIO-FIO, INCLUSIVE ESCAVAÇÃO, APILAOMENTO E TRANSPORTE COM RETIRADA DO MATERIAL ESCAVADO (EM CAÇAMBA) | E20: M | F20: =148.1+5.4 -> 153.5 | G20: COMPRIMENTO DA SARJETA A SER EXECUTADA (148,1) | J20: =I20 -> 0
C26: Vagner Chaves Gusmão
C27: Engenheiro Civil
C28: CREA/MG Nº: 146930/D
C33: Evaldo Lucio Peixoto Sena
C34: Prefeito Municipal

Sheet Planilha Orcamentaria 
A1: PREFEITURA MUNICIPAL DE MEDINA ESTADO DE MINAS GERAIS
A2: PLANILHA ORÇAMENTÁRIA DE CUSTOS
A4: PREFEITURA: Prefeitura Municipal de Medina - MG | G4: ISS: 5,00%
A5: OBRA: PAVIMENTAÇÃO EM BLOQUETE SEXTAVADO EM TRECHO DA RUA DO VALE E DA TRAVESSA DO VALE, NO DISTRITO DE TUPARECÊ | G5: DATA: | H5: =TODAY() -> 45447
A6: LOCAL: TRECHO DA RUA DO VALE E DA TRAVESSA DO VALE, NO DISTRITO DE TUPARECÊ | F6: FORMA DE EXECUÇÃO:
A7: REGIÃO/MÊS DE REFERÊNCIA: SEINFRA/OUTUBRO/2023/DESONERADA | F7: ( ) | G7: DIRETA | H7: ( x ) | I7: INDIRETA
A8: PRAZO DE EXECUÇÃO: 3 meses | F8: BDI | H8: =BDI!C19 -> 0.291839
A10: ITEM | B10: FONTE | C10: CÓDIGO | D10: DESCRIÇÃO | E10: UNIDADE | F10: QUANTIDADE | G10: PREÇO UNITÁRIO S/ BDI | H10: PREÇO UNITÁRIO C/ BDI | I10: PREÇO TOTAL | J10: =I24 -> 61594.59
C11: PAVIMENTAÇÃO EM BLOQUETE SEXTAVADO
A12: 1 | D12: SERVIÇOS PRELIMINARES | H12: TOTAL ITEM 1 | I12: =SUM(I13:I13) -> 1775.14
A13: 1.1 | B13: SEINFRA | C13: ED-28427 | D13: FORNECIMENTO E COLOCAÇÃO DE PLACA DE OBRA EM CHAPA GALVANIZADA #26, ESP. 0,45MM, DIMENSÃO (3X1,5)M, PLOTADA COM ADESIVO VINÍLICO, AFIXADA COM REBITES 4,8X40MM, EM ESTRUTURA METÁLICA DE METALON 20X20MM, ESP. 1,25MM, INCLUSIVE SUPORTE EM EUCALIPTO AUTOCLAVADO PINTADO COM TINTA PVA DUAS (2) DEMÃOS | E13: U | F13: 1 | G13: 1374.12 | H13: =ROUND((G13*(1+$H$8)),2) -> 1775.14 | I13: =ROUND(F13*H13,2) -> 1775.14 | J13: =I13 -> 1775.14 | K13: =(G13+(G13*$H$8)) -> 1775.1418
A15: 2 | D15: PAVIMENTAÇÃO | H15: TOTAL ITEM 2 | I15: =SUM(I16:I16) -> 39584.97 | K15: =(G15+(G15*$H$8)) -> 0
A16: 2.1 | B16: SEINFRA | C16: ED-50416 | D16: EXECUÇÃO DE PAVIMENTO INTERTRAVADO EM BLOCO SEXTAVADO, ESPESSURA 8CM, FCK 35MPA, INCLUINDO FORNECIMENTO E TRANSPORTE DE TODOS OS MATERIAIS E COLCHÃO DE ASSENTAMENTO COM ESPESSURA 6CM | E16: M2 | F16: 413.42 | G16: 74.12 | H16: =ROUND((G16*(1+$H$8)),2) -> 95.75 | I16: =ROUND(F16*H16,2) -> 39584.97 | J16: =I16 -> 39584.97 | K16: =(G16+(G16*$H$8)) -> 95.751107
A18: 3 | D18: OBRAS COMPLEMENTARES DE PAVIMENTAÇÃO | H18: TOTAL ITEM 3 | I18: =SUM(I19:I20) -> 20234.48
A19: 3.1 | B19: SEINFRA | C19: ED-51139 | D19: GUIA DE MEIO-FIO, EM CONCRETO COM FCK 20MPA, PRÉ-MOLDADA, MFC-01 PADRÃO DER-MG, DIMENSÕES (12X16,7X35)CM, EXCLUSIVE SARJETA, INCLUSIVE ESCAVAÇÃO, APILOAMENTO E TRANSPORTE COM RETIRADA DO MATERIAL ESCAVADO (EM CAÇAMBA) | E19: M | F19: 166.1 | G19: 56.4 | H19: =ROUND((G19*(1+$H$8)),2) -> 72.86 | I19: =ROUND(F19*H19,2) -> 12102.05 | J19: =I19 -> 12102.05 | K19: =(G19+(G19*$H$8)) -> 72.85972
A20: 3.2 | B20: SEINFRA | C20: ED-14762 | D20: SARJETA DE CONCRETO URBANO (SCU), TIPO 1, COM FCK 15 MPA, LARGURA DE 50CM COM INCLINAÇÃO DE 3%, ESP. 7CM, PADRÃO DER-MG, EXCLUSIVE MEIO-FIO, INCLUSIVE ESCAVAÇÃO, APILAOMENTO E TRANSPORTE COM RETIRADA DO MATERIAL ESCAVADO (EM CAÇAMBA) | E20: M | F20: 153.5 | G20: 41.01 | H20: =ROUND((G20*(1+$H$8)),2) -> 52.98 | I20: =ROUND(F20*H20,2) -> 8132.43
A24: TOTAL GERAL DA OBRA | I24: =SUM(I12,I15,I18) -> 61594.59 | J24: =SUM(J12:J22) -> 53462.16
C31: Vagner Chaves Gusmão
C32: Engenheiro Civil
C33: CREA/MG Nº: 146930/D
C38: Evaldo Lucio Peixoto Sena
C39: Prefeito Municipal

Sheet BDI
A2: COMPOSIÇÃO DO BDI COM DESONERAÇÃO
A3: OBRAS RODOVIARIAS DE ACORDO COM ACÓRDÃO TCU BDI (CONFORME ACÓRDÃO Nº 2622/13 e LEI Nº 13.161 DE 31/08/15)
A4: ='Planilha Orcamentaria '!A5:F5 -> OBRA: PAVIMENTAÇÃO EM BLOQUETE SEXTAVADO EM TRECHO DA RUA DO VALE E DA TRAVESSA DO VALE, NO DISTRITO DE TUPARECÊ
A5: ='Planilha Orcamentaria '!A6:E6 -> LOCAL: TRECHO DA RUA DO VALE E DA TRAVESSA DO VALE, NO DISTRITO DE TUPARECÊ
A7: SIGLA | B7: COMPOSIÇÃO DO BDI: | C7: PERCENTUAIS (%) | E7: TAXA DE TRIBUTOS
E8: PIS = | F8: 0.0065
A9: AC | B9: ADMINISTRAÇÃO CENTRAL | C9: 0.03 | E9: CONFINS = | F9: 0.03
E10: ISS= | F10: 0.05
A11: S | B11: TAXA DE SEGUROS+GARANTIAS | C11: 0.008
A12: R | B12: TAXA DE RISCOS | C12: 0.0097
A13: DF | B13: TAXA DE DESPESAS/FINANCEIRAS | C13: 0.0059 | E13: I = | F13: =SUM(F8:F10) -> 0.0865
A14: L | B14: TAXA DE LUCROS/REMUNERAÇÃO | C14: 0.0646
A15: I | B15: TAXA DE TRIBUTOS | C15: 0.0865
A16: CPRB | B16: CPRB | C16: 0.045
B19: BDI= | C19: =(1+(C9+C10+C11+C12))*(1+C13)*(1+C14)/(1-(C15+C16))-1 -> 0.291839
B21: BDI % = (1 + (AC + S + G + R)) x (1 + DF) x (1 + L) (1 - (I + CPRB))
A23: MEDINA, 26 DE DEZEMBRO DE 2023
B25: ISS CONSIDERADO DO MUNICÍPIO: 5%
A29: _______________________________
A30: Vagner Chaves Gusmão
A31: Engenheiro Civil
A32: CREA/MG Nº: 146.930/D

Sheet CRONOGRAMA
A1: PREFEITURA MUNICIPAL DE MEDINA ESTADO DE MINAS GERAIS
A7: PREFEITURA: Prefeitura Municipal de Jequitinhonha - MG | I7: ISS: 5,00% | M7: ='Planilha Orcamentaria '!H5 -> 45447
A8: ='Planilha Orcamentaria '!A5:F5 -> OBRA: PAVIMENTAÇÃO EM BLOQUETE SEXTAVADO EM TRECHO DA RUA DO VALE E DA TRAVESSA DO VALE, NO DISTRITO DE TUPARECÊ
A9: ='Planilha Orcamentaria '!A6:E6 -> LOCAL: TRECHO DA RUA DO VALE E DA TRAVESSA DO VALE, NO DISTRITO DE TUPARECÊ | I9: BDI | J9: 0.2882
A10: ='Planilha Orcamentaria '!A7:E7 -> REGIÃO/MÊS DE REFERÊNCIA: SEINFRA/OUTUBRO/2023/DESONERADA | I10: FORMA DE EXECUÇÃO: | M10: ( x ) INDIRETA
A11: PRAZO DE EXECUÇÃO: 03 Meses | M11: ( ) DIRETA
A12: CRONOGRAMA FÍSICO-FINANCEIRO
A13: Ítem | B13: Discriminação | D13: VALOR DOS SEVIÇOS | F13: Mês 1 | H13: Mês 2 | J13: Mês 3 | M13: TOTAL
D14: R$ | E14: % | F14: R$ | G14: % | H14: R$ | I14: % | J14: R$ | K14: % | M14: R$ | N14: %
A15: 1.0 | B15: ='[3]Planilha Orcamentaria'!$C$13 -> SERVIÇOS PRELIMINARES | D15: ='Planilha Orcamentaria '!I12 -> 1775.14 | E15: =D15/$D$19 -> 0.028819739 | F15: =D15*G15 -> 1775.14 | G15: 1 | M15: =SUM(J15+H15+F15) -> 1775.14 | N15: =SUM(K15+I15+G15) -> 1
A16: 2.0 | B16: ='Planilha Orcamentaria '!D15 -> PAVIMENTAÇÃO | D16: ='Planilha Orcamentaria '!I15 -> 39584.97 | E16: =D16/$D$19 -> 0.64266959 | F16: =D16*G16 -> 13854.739 | G16: 0.35 | H16: =I16*D16 -> 13854.739 | I16: 0.35 | J16: =K16*D16 -> 11875.491 | K16: 0.3 | M16: =SUM(J16+H16+F16) -> 39584.97 | N16: =SUM(K16+I16+G16) -> 1
A17: 3.0 | B17: ='Planilha Orcamentaria '!D18 -> OBRAS COMPLEMENTARES DE PAVIMENTAÇÃO | D17: ='Planilha Orcamentaria '!I18 -> 20234.48 | E17: =D17/$D$19 -> 0.32851067 | F17: =D17*G17 -> 4046.896 | G17: 0.2 | H17: =D17*I17 -> 10117.24 | I17: 0.5 | J17: =D17*K17 -> 6070.344 | K17: 0.3 | M17: =SUM(J17+H17+F17) -> 20234.48 | N17: =SUM(K17+I17+G17) -> 1
B19: TOTAL | D19: =SUM(D15:D17) -> 61594.59 | E19: =SUM(E15:E17) -> 1 | F19: =SUM(F15:F17) -> 19676.775 | G19: =F19/D19 -> 0.31945623 | H19: =SUM(H15:H17) -> 23971.98 | I19: =H19/D19 -> 0.38918969 | J19: =SUM(J15:J17) -> 17945.835 | K19: =J19/D19 -> 0.29135408
B20: TOTAL ACUMULADO | D20: ='Planilha Orcamentaria '!I24 -> 61594.59 | E20: 1 | F20: =F19 -> 19676.775 | G20: =G19 -> 0.31945623 | H20: =H19+F20 -> 43648.755 | I20: =I19+G20 -> 0.70864592 | J20: =J19+H20 -> 61594.59 | K20: =K19+I20 -> 1
B28: ___________________________________________________ | G28: _________________________________________________________________
B29: Vagner Chaves Gusmão | G29: Evaldo Lucio Peixoto Sena
B30: Engenheiro Civil | G30: PREFEITO MUNICIPAL DE MEDINA
B31: CREA/MG Nº: 146.930/D

Sheet Planilha Resumo
A1: PREFEITURA MUNICIPAL DE MEDINA ESTADO DE MINAS GERAIS
A2: PLANILHA ORÇAMENTÁRIA DE CUSTOS
A4: PREFEITURA: Prefeitura Municipal de Medina - MG | G4: ISS: 5,00%
A5: OBRA: PAVIMENTAÇÃO EM BLOQUETE SEXTAVADO EM TRECHO DA RUA DO VALE E DA TRAVESSA DO VALE, NO DISTRITO DE TUPARECÊ | G5: DATA: | H5: =TODAY() -> 45447
A6: LOCAL: TRECHO DA RUA DO VALE E DA TRAVESSA DO VALE, NO DISTRITO DE TUPARECÊ | F6: FORMA DE EXECUÇÃO:
A7: REGIÃO/MÊS DE REFERÊNCIA: SEINFRA/OUTUBRO/2023/DESONERADA | F7: ( ) | G7: DIRETA | H7: ( x ) | I7: INDIRETA
A8: PRAZO DE EXECUÇÃO: 3 meses | F8: BDI | H8: =BDI!C19 -> 0.291839
A10: ITEM | B10: DESCRIÇÃO | F10: PREÇO TOTAL S/ BDI | G10: BDI | H10: PREÇO TOTAL | I10: % GERAL
B11: PAVIMENTAÇÃO EM BLOQUETE SEXTAVADO | F11: =SUM(F12,F13,F14) -> 43618.887 | G11: =SUM(G12,G13,G14) -> 17975.703 | H11: =SUM(H12,H13,H14) -> 61594.59 | I11: =SUM(I12,I13,I14) -> 1
A12: ='[4]Memória de Cálculo'!A10 -> 1.0 | B12: SERVIÇOS PRELIMINARES | F12: =H12*(1-$H$8) -> 1257.0849 | G12: =H12*$H$8 -> 518.05508 | H12: ='Planilha Orcamentaria '!I12 -> 1775.14 | I12: =H12/$H$15 -> 0.028819739
A13: ='[4]Memória de Cálculo'!A13 -> 2.0 | B13: PAVIMENTAÇÃO | F13: =H13*(1-$H$8) -> 28032.532 | G13: =H13*$H$8 -> 11552.438 | H13: ='Planilha Orcamentaria '!I15 -> 39584.97 | I13: =H13/$H$15 -> 0.64266959
A14: ='[4]Memória de Cálculo'!A19 -> 3.0 | B14: OBRAS COMPLEMENTARES DE PAVIMENTAÇÃO | F14: =H14*(1-$H$8) -> 14329.27 | G14: =H14*$H$8 -> 5905.2104 | H14: ='Planilha Orcamentaria '!I18 -> 20234.48 | I14: =H14/$H$15 -> 0.32851067
A15: TOTAL GERAL DA OBRA | F15: =SUM(F12,F13,F14) -> 43618.887 | G15: =SUM(G12,G13,G14) -> 17975.703 | H15: =SUM(H12,H13,H14) -> 61594.59 | I15: =H15/$H$15 -> 1
C18: ='[4]Memória de Cálculo'!C47:D47 -> 0
A20: ________________________________________ | C20: ________________________________________
A21: Eng°.VAGNER CHAVES GUSMÃO | C21: EVALDO LÚCIO PEIXOTO SENA
A22: CREA - 146930/D | C22: PREFEITO MUNICIPAL

Sheet Curva ABC
A1: PREFEITURA MUNICIPAL DE MEDINA ESTADO DE MINAS GERAIS
A2: PLANILHA ORÇAMENTÁRIA DE CUSTOS
A4: PREFEITURA: Prefeitura Municipal de Medina - MG | G4: ISS: 5,00%
A5: OBRA: PAVIMENTAÇÃO EM BLOQUETE SEXTAVADO EM TRECHO DA RUA DO VALE E DA TRAVESSA DO VALE, NO DISTRITO DE TUPARECÊ | G5: DATA: | H5: =TODAY() -> 45447
A6: LOCAL: TRECHO DA RUA DO VALE E DA TRAVESSA DO VALE, NO DISTRITO DE TUPARECÊ | F6: FORMA DE EXECUÇÃO:
A7: REGIÃO/MÊS DE REFERÊNCIA: SEINFRA/OUTUBRO/2023/DESONERADA | F7: ( ) | G7: DIRETA | H7: ( x ) | I7: INDIRETA
A8: PRAZO DE EXECUÇÃO: 3 meses | F8: BDI | H8: =BDI!C19 -> 0.291839
O9: ITEM | P9: DESCRIÇÃO | Q9: PREÇO TOTAL | R9: % GERAL | S9: % ACUMULADA | T9: CATEGORIA | W9: CATEGORIA
O10: 2.0 | P10: ='Planilha Orcamentaria '!D15 -> PAVIMENTAÇÃO | Q10: ='Planilha Orcamentaria '!I15 -> 39584.97 | R10: =Q10/$Q$21 -> 0.64266959 | S10: =R10 -> 0.64266959 | T10: =IF(S10<=$X$10,$W$10,IF(S10<=$X$11,$W$11,$W$12)) -> A | W10: A | X10: 0.8
O11: 3.0 | P11: ='Planilha Orcamentaria '!D18 -> OBRAS COMPLEMENTARES DE PAVIMENTAÇÃO | Q11: ='Planilha Orcamentaria '!I18 -> 20234.48 | R11: =Q11/$Q$21 -> 0.32851067 | S11: =R11+S10 -> 0.97118026 | T11: =IF(S11<=$X$10,$W$10,IF(S11<=$X$11,$W$11,$W$12)) -> C | W11: B | X11: 0.95
O12: 1.0 | P12: ='Planilha Orcamentaria '!D12 -> SERVIÇOS PRELIMINARES | Q12: ='Planilha Orcamentaria '!I12 -> 1775.14 | R12: =Q12/$Q$21 -> 0.028819739 | S12: =R12+S11 -> 1 | T12: =IF(S12<=$X$10,$W$10,IF(S12<=$X$11,$W$11,$W$12)) -> C | W12: C | X12: 1
Q21: =SUM(Q10:Q19) -> 61594.59 | R21: =SUM(R10:R19) -> 1
C26: ='[4]Memória de Cálculo'!C47:D47 -> 0
A41: ________________________________________ | C41: ________________________________________
A42: Eng°.VAGNER CHAVES GUSMÃO | C42: EVALDO LÚCIO PEIXOTO SENA
A43: CREA - 146930/D | C43: PREFEITO MUNICIPAL
